 Dungeon Crawl Stone Soup version 0.30.0-19-gbf45117a57 (webtiles) character file.

Game seed: 11301543518256525391

97 qw the Chopper (level 4, -2/28 HPs)
             Began as a Gargoyle Fighter on May 23, 2023.
             Slain by Sigmund
             ... wielding a +0 scythe
              (8 damage)
             ... on level 2 of the Dungeon.
             The game lasted 00:00:46 (1410 turns).

qw the Chopper (Gargoyle Fighter)                   Turns: 1410, Time: 00:00:46

Health: -2/28      AC: 10    Str: 22    XL:     4   Next: 68%
Magic:  4/4        EV:  9    Int:  8    God:
Gold:   85         SH:  4    Dex:  9    Spells: 3/3 levels left

rFire   . . .        a - +0 war axe
rCold   . . .        c - +0 buckler
rNeg    + . .        b - +0 scale mail
rPois   inf          (no helmet)
rElec   +            (no cloak)
rCorr   .            (no gloves)
SInv    .            (no boots)
Will    .....        (no amulet) Stlth
                     (no ring)
HPRegen 0.24/turn    (no ring)
MPRegen 0.09/turn

%: no passive effects
@: no status effects
A: sickness immunity, AC +3, negative energy resistance 1, electricity
resistance, torment resistance 1, petrification resistance
a: no special abilities


You were on level 2 of the Dungeon.
You visited 1 branch of the dungeon, and saw 2 of its levels.

You collected 85 gold pieces.


Innate Abilities, Weirdness & Mutations

You are immune to sickness and miasma.
Your stone body is resilient. (AC +3)
You are immune to poison.
You resist negative energy. (rN+)
You are resistant to electric shocks. (rElec)
You are resistant to unholy torment.
You are immune to petrification.


   Skills:
 - Level 3.2 Fighting
 + Level 4.3 Axes
 - Level 3.2 Armour
 - Level 3.2 Shields


You had 3 spell levels left.
You didn't know any spells.
Your spell library was empty.

Inventory:

Hand Weapons
 a - a +0 war axe (weapon)
 i - a +0 flail
Armour
 b - a +0 scale mail (worn)
 c - a +0 buckler (worn)
 e - a +0 helmet
Jewellery
 o - a ring of willpower
Scrolls
 f - a scroll of identify {unknown}
 l - a scroll of teleportation {unknown}
 n - a scroll of brand weapon {unknown}
Potions
 d - 3 potions of might
 g - a potion of brilliance {unknown}
 h - a potion of magic {unknown}
 j - a potion of degeneration {unknown}
 k - 3 potions of attraction {unknown}
 m - a potion of curing {unknown}

Dungeon Overview and Level Annotations

Branches:
Dungeon (2/15)

Altars:

Annotations:
D:2 Sigmund


Message History

Sigmund shouts!
Sigmund gestures at you while chanting. The magic dart hits you!
Sigmund casts a spell at you.
You are confused.
Sigmund casts a spell at you.
You are more confused.
Sigmund barely misses you. Sigmund hits you but does no damage.
Sigmund barely misses you. Sigmund completely misses you.
Sigmund zaps a wand.
The puff of flame hits you.
You feel less confused. Sigmund closely misses you.
You hit Sigmund.
Sigmund is lightly wounded.
Sigmund hits you with a +0 scythe.
You closely miss Sigmund.
Sigmund is lightly wounded.
Sigmund hits you but does no damage.
You hit Sigmund.
Sigmund is moderately wounded.
Sigmund hits you with a +0 scythe.
You closely miss Sigmund.
Sigmund is moderately wounded.
You block Sigmund's attack.
You hit Sigmund but do no damage.
Sigmund is moderately wounded.
Sigmund zaps a wand.
The puff of flame hits you.
You hit Sigmund.
Sigmund is moderately wounded.
Sigmund screams, "Don't try to resist!"
Sigmund casts a spell.
Sigmund flickers and vanishes!
Deactivating autopickup; reactivate with Ctrl-A.
You hit something.
You hear a zap.
A puff of flame appears from out of thin air!
The puff of flame hits you! Something hits you!
You die...

#.###%.)...#.## ## #.#
#......#.# #.
#..##........# ###.
##..######..#####... #.#
#.####...## #
###.######.#....####
###.#..........#........
#..........#####........
#.....{@.........######.
#.......(..####### ##
#....####### ####


There were no monsters in sight!

Vanquished Creatures
  Jessica (D:2)
  Robin (D:2)
  4 dart slugs
  2 ball pythons (D:1)
  5 endoplasms
  13 goblins
  A hobgoblin (D:2)
  7 jackals
  2 bats
  2 frilled lizards
  3 kobolds
  9 rats
50 creatures vanquished.

Notes
Turn   | Place    | Note
-------+----------+-------------------------------------------
     0 | D:1      | qw the Gargoyle Fighter began the quest for the Orb.
     0 | D:1      | Reached XP level 1. HP: 14/14 MP: 1/1
     0 | D:1      | 0 ||| qw: Version: 0.2-a-98-g5d7165a
     0 | D:1      | 0 ||| qw: Game counter: 48
     0 | D:1      | 0 ||| qw: Always use a shield: true
     0 | D:1      | 0 ||| qw: God list: Okawaru
     0 | D:1      | 0 ||| qw: Allow faded altars: false
     0 | D:1      | 0 ||| qw: Do Orc after D:15 true
     0 | D:1      | 0 ||| qw: Do second Lair branch before Depths: true
     0 | D:1      | 0 ||| qw: Lair rune preference: random
     0 | D:1      | 0 ||| qw: Plans: Normal, Zot:1-4, God:TSO, Crypt, Tomb,
                  | Pan, Slime:5, Hells, Abyss, Win
     0 | D:1      | 0 ||| PLANNING D:1-11
    51 | D:1      | Reached skill level 2 in Axes
   133 | D:1      | 133 ||| Stepping ~*~*~tactically~*~*~ (hiding).
   134 | D:1      | 134 ||| Stepping ~*~*~tactically~*~*~ (stealth).
   135 | D:1      | 135 ||| Stepping ~*~*~tactically~*~*~ (hiding).
   136 | D:1      | 136 ||| Stepping ~*~*~tactically~*~*~ (hiding).
   137 | D:1      | 137 ||| Stepping ~*~*~tactically~*~*~ (hiding).
   149 | D:1      | Reached XP level 2. HP: 19/19 MP: 2/2
   239 | D:1      | 239 ||| Stepping ~*~*~tactically~*~*~ (hiding).
   251 | D:1      | 251 ||| DROPPING +0 club.
   324 | D:1      | 324 ||| Stepping ~*~*~tactically~*~*~ (stealth).
   456 | D:1      | 456 ||| Stepping ~*~*~tactically~*~*~ (stealth).
   481 | D:1      | Reached skill level 3 in Axes
   668 | D:1      | Reached XP level 3. HP: 23/23 MP: 3/3
   741 | D:1      | 741 ||| DROPPING scarf of shadows.
   786 | D:2      | Noticed Robin
   788 | D:2      | 788 ||| Stepping ~*~*~tactically~*~*~ (hiding).
   793 | D:2      | Noticed Jessica
   804 | D:2      | Killed Robin
   805 | D:2      | HP: 5/23 [goblin/+0 club[Robin] (2)]
   898 | D:2      | 898 ||| Stepping ~*~*~tactically~*~*~ (stealth).
   943 | D:2      | 943 ||| Stepping ~*~*~tactically~*~*~ (stealth).
   950 | D:2      | Killed Jessica
   951 | D:2      | Reached skill level 4 in Axes
   951 | D:2      | Reached XP level 4. HP: 28/28 MP: 4/4
  1043 | D:2      | 1043 ||| Stepping ~*~*~tactically~*~*~ (hiding).
  1044 | D:2      | 1044 ||| Stepping ~*~*~tactically~*~*~ (hiding).
  1067 | D:2      | 1067 ||| Stepping ~*~*~tactically~*~*~ (stealth).
  1068 | D:2      | 1068 ||| Stepping ~*~*~tactically~*~*~ (stealth).
  1094 | D:2      | 1094 ||| Stepping ~*~*~tactically~*~*~ (hiding).
  1095 | D:2      | 1095 ||| Stepping ~*~*~tactically~*~*~ (hiding).
  1389 | D:2      | Noticed Sigmund
  1410 | D:2      | HP: 6/28 [something/puff of flame (12)]
  1410 | D:2      | Slain by Sigmund

Levels and vault maps discovered:
D:1:      lightli_arrival_noodles, layout_basic
D:2:      layout_rooms, ebering_ecumenical_altar_hall, grunt_decor_one_mirror,
          minmay_tromino_v4_c, uniq_sigmund, uniq_crazy_yiuf_cottage,
          uniq_robin, uniq_jessica

Skill      XL: |  1  2  3 |
---------------+----------+-----
Axes           | 2 3 4 |  4.3
Fighting       | |  3.2
Armour         | |  3.2
Shields        | |  3.2

Action                     |  1- 3 |  4- 6 || total
---------------------------+-------+-------++-------
  Melee: War axe           |    64 |    34 ||    98
  Throw: Boomerang         |    18 |       ||    18
 Armour: Scale mail        |    36 |    22 ||    58
  Dodge: Dodged            |    34 |    14 ||    48
  Block: Buckler           |    19 |     7 ||    26

Table legend:
 A = Non-vault XP
 B = Vault XP
 C = Vault XP percentage of total XP
 D = Non-vault monster count
 E = Vault monster count
 F = Vault count percentage of total count
                 A         B        C        D         E       F
            +---------+---------+-------+---------+---------+-------
      Total |      65 |      74 |  53.2 |      37 |      13 |  26.0
            +---------+---------+-------+---------+---------+-------
        D:1 |      37 |       0 |   0.0 |      21 |       0 |   0.0
        D:2 |      28 |      74 |  72.5 |      16 |      13 |  44.8
            +---------+---------+-------+---------+---------+-------
